 Dungeon Crawl Stone Soup version 0.22.0-75-g3901e79 (webtiles) character file.

43 PaladinM the Slasher (level 3, -8/29 HPs)
             Began as a Demigod Warper on Sept 11, 2018.
             Mangled by a hobgoblin
             ... wielding a +1 whip of electrocution
              (10 damage)
             ... on level 2 of the Dungeon.
             The game lasted 00:02:55 (850 turns).

PaladinM the Slasher (Demigod Warper)                Turns: 850, Time: 00:02:56

Health: -8/29      AC:  4    Str: 14    XL:     3   Next: 20%
Magic:  8/8        EV: 12    Int: 17    God:
Gold:   106        SH:  0    Dex: 17    Spells: 1/5 levels left

rFire    . . .     SeeInvis .   a - +0 falchion
rCold    . . .     Gourm    .   (no shield)
rNeg     . . .     Faith    .   b - +0 leather armour
rPois    .         Spirit   .   (no helmet)
rElec    .         Reflect  .   p - +0 cloak
rCorr    .         Harm     .   (no gloves)
MR       .....                  (no boots)
Stlth    +.........             m - amulet of rage
HPRegen  0.09/turn              (no ring)
MPRegen  0.11/turn              (no ring)

@: no status effects
A: high mp 1
a: Evoke Berserk Rage


You were on level 2 of the Dungeon.
You were not hungry.

You visited 1 branch of the dungeon, and saw 2 of its levels.

You collected 106 gold pieces.

Inventory:

Hand Weapons
 a - a +0 falchion (weapon)
Missiles
 e - 5 tomahawks of dispersal (quivered)
Armour
 b - a +0 leather armour (worn)
 p - a +0 cloak (worn)
Jewellery
 m - an amulet of rage (around neck)
Scrolls
 d - a scroll of blinking
 g - a scroll of fear {unknown}
 h - a scroll of remove curse {unknown}
 k - 2 scrolls of identify {unknown}
 l - a scroll of teleportation {unknown}
Potions
 c - a potion of resistance {unknown}
 i - a potion of curing {unknown}
 j - a potion of cancellation {unknown}
 n - a potion of brilliance {unknown}
Comestibles
 f - 3 rations
 o - 3 chunks of flesh


   Skills:
 - Level 1.7 Fighting
 + Level 3.5 Long Blades
 - Level 0.8 Throwing
 - Level 0.8 Armour
 - Level 1.7 Dodging
 - Level 1.7 Spellcasting
 - Level 2.6 Translocations


You had one spell level left.
You knew the following spells:

 Your Spells              Type           Power        Failure   Level  Hunger
a - Shroud of Golubria    Chrm/Tloc      #.........   22%         2    ###....
b - Blink                 Tloc           N/A          12%         2    ###....

Your spell library contained the following spells:

 Spells                   Type           Power        Failure   Level  Hunger
 Gell's Gravitas          Tloc           ##........   24%         3    ###....
 Lesser Beckoning         Tloc           ##........   24%         3    ###....
 Teleport Other           Tloc           ##......     24%         3    ###....
 Passage of Golubria      Tloc           N/A          63%         4    #####..


Dungeon Overview and Level Annotations

Branches:
Dungeon (2/15)


Innate Abilities, Weirdness & Mutations

You have an increased reservoir of magic. (+10% MP)


Message History

The jackal barks!
You hear an angry hiss.
The rat barely misses you.
A leopard gecko comes into view.
An adder comes into view.
Found 12 gold pieces.
You slash the frilled lizard!
You kill the frilled lizard!
The rat twitches its whiskers.
The rat bites you but does no damage. x2
You hit the rat.
You kill the rat!
You closely miss the jackal.
The jackal bites you but does no damage.
The hobgoblin hits you but does no damage.
You are electrocuted!
Ouch! That really hurt!
* * * LOW HITPOINT WARNING * * *
The jackal bites you but does no damage.
The hobgoblin hits you but does no damage.
You are electrocuted!
You die...

#..# .... .#####...
.......## ..
.##......###...
......lS..$....
#.....hg.......
........†@#
..####..#.# # #..# #..
#.## .######..# #.#
#..##
..#......###.####..#
#........##.....##.#
##...............#.##
......<.............#
.#................#.##


You could see an adder, a leopard gecko, a jackal and a hobgoblin.

Vanquished Creatures
  An adder (D:2)
  An ooze (D:1)
  A leopard gecko (D:1)
  7 bats
  A giant cockroach (D:1)
  A hobgoblin (D:1)
  3 frilled lizards
  5 goblins
  2 kobolds (D:1)
  10 rats
32 creatures vanquished.

Notes
Turn   | Place    | Note
-------+----------+-------------------------------------------
     0 | D:1      | PaladinM the Demigod Warper began the quest for the Orb.
     0 | D:1      | Reached XP level 1. HP: 17/17 MP: 5/5
     9 | D:1      | Reached skill level 2 in Long Blades
    36 | D:1      | Reached XP level 2. HP: 9/24 MP: 7/7
   120 | D:1      | Learned a level 2 spell: Shroud of Golubria
   123 | D:1      | Learned a level 2 spell: Blink
   422 | D:1      | Reached skill level 3 in Long Blades
   772 | D:2      | Reached XP level 3. HP: 19/29 MP: 8/8
   850 | D:2      | Mangled by a hobgoblin

Skill      XL: |  1  2 |
---------------+-------+-----
Long Blades    | 2 3 |  3.5
Fighting       | |  1.7
Throwing       | |  0.8
Armour         | |  0.8
Dodging        | |  1.7
Spellcasting   | |  1.7
Translocations | |  2.6

Action                   || total
-------------------------++-------
Melee: Falchion          ||    90
Armor: Leather armour    ||    43
Dodge: Dodged            ||    92
       Rpst.: Falchion   ||    27
